 Dungeon Crawl Stone Soup version 0.24.0-37-gcf1ca852f1 (webtiles) character file.

Game seed: 15181498410585680744, levelgen mode: deterministic

21 Mesmaeker13 the Conjurer (level 2, -1/20 HPs)
             Began as a Draconian Conjurer on Nov 26, 2019.
             Slain by an adder (4 damage)
             ... on level 1 of the Dungeon.
             The game lasted 00:01:59 (1502 turns).

Mesmaeker13 the Conjurer (Draconian Conjurer)       Turns: 1502, Time: 00:02:00

Health: -1/20      AC:  5    Str: 10    XL:     2   Next: 65%
Magic:  1/5        EV: 12    Int: 15    God:
Gold:   51         SH:  0    Dex: 11    Spells: 4/5 levels left

rFire    . . .     SeeInvis .   a - +0 dagger
rCold    . . .     Gourm    .   (no shield)
rNeg     . . .     Faith    .   (armour unavailable)
rPois    .         Spirit   .   (helmet restricted)
rElec    .         Reflect  .   e - +0 cloak
rCorr    .         Harm     .   (no gloves)
MR       .....                  (no boots)
Stlth    ++........             (no amulet)
HPRegen  0.06/turn              (no ring)
MPRegen  0.09/turn              (no ring)

@: lethally poisoned (-1 -> -3)
A: unfitting armour, cold-blooded, AC +4
a: no special abilities


You were on level 1 of the Dungeon.
You were not hungry.

You visited 1 branch of the dungeon, and saw 2 of its levels.

You collected 51 gold pieces.

Inventory:

Hand Weapons
 a - a +0 dagger (weapon)
Missiles
 g - 19 poisoned darts (quivered)
Armour
 e - a +0 cloak (worn)
Scrolls
 d - a scroll of noise
 f - a scroll of immolation {unknown}
 k - a scroll of enchant armour {unknown}
Potions
 i - a potion of haste {unknown}
 j - 2 potions of curing
 l - a potion of lignification {unknown}
 m - a potion of degeneration {unknown}
Comestibles
 b - 4 rations
 h - 2 chunks of flesh


   Skills:
 + Level 2.2 Dodging
 - Level 1.7 Stealth
 + Level 2.3 Spellcasting
 + Level 4.2 Conjurations


You had 4 spell levels left.
You knew the following spells:

 Your Spells              Type           Power        Failure   Level  Hunger
a - Magic Dart            Conj           ##..         3%          1    #......

Your spell library contained the following spells:

 Spells                   Type           Power        Failure   Level  Hunger
 Searing Ray              Conj           ##....       5%          2    ###....
 Dazzling Spray           Conj/Hex       #.....       26%         3    ###....
 Iskenderun's Mystic Bla  Conj           ##......     36%         4    #####..
 Force Lance              Conj/Tloc      #.......     65%         4    #####..
 Fulminant Prism          Conj/Hex       #.........   65%         4    #####..


Dungeon Overview and Level Annotations

Branches:
Dungeon (2/15)

Altars:


Innate Abilities, Weirdness & Mutations

Your plain brown scales are hard. (AC +4)
You cannot fit into any form of body armour.
You are cold-blooded and may be slowed by cold attacks.


Message History

* * * LOW HITPOINT WARNING * * *
You closely miss the adder.
The adder is severely wounded.
The adder barely misses you.
You closely miss the adder.
The adder is severely wounded.
The adder bites you but does no damage.
You miss the adder.
The adder is severely wounded.
You feel sick. The adder closely misses you. x2
You hit the adder but do no damage.
The adder is severely wounded.
The adder bites you but does no damage.
You miss the adder.
The adder is severely wounded.
The adder bites you but does no damage.
You barely miss the adder.
The adder is severely wounded.
The adder bites you.
You die...

##################
.............รท...#
###.########.###.# ### #.# #.#
#@#########.## #.# #.#
#S##.......#.## #.#####
#.###.##.####.###.####
###.#...####.##...#.#...## ##....
#...#...............#.##.###.###.
#.#.#...####.##...###.###.#.## #.
#.#.##..# #.###.## #.# ##.## #.
.#.###..# #.# #.# #.# #.# #.
#.#.)...# #.# #.# #.# #.# #.


You could see an adder.

Vanquished Creatures
  5 bats (D:1)
  2 goblins (D:1)
  4 hobgoblins (D:1)
  2 jackals (D:1)
  2 kobolds (D:1)
  2 frilled lizards
  2 rats (D:1)
19 creatures vanquished.

Notes
Turn   | Place    | Note
-------+----------+-------------------------------------------
     0 | D:1      | Mesmaeker13 the Draconian Conjurer began the quest for the
                  | Orb.
     0 | D:1      | Reached XP level 1. HP: 14/14 MP: 3/3
   454 | D:1      | Reached XP level 2. HP: 20/20 MP: 1/5
  1502 | D:1      | Slain by an adder

Levels and vault maps discovered:
D:1:      wander_arrival_peaceful_grave, layout_loops_ring,
          chequers_serial_rivers_room_b, minivault_23
D:2:      layout_rooms, lemuel_doored_altar, chequers_ecumenical_altar_simple,
          minmay_cut_off

Skill      XL: |  1 |
---------------+----+-----
Dodging        | 2 |  2.2
Stealth        | |  1.7
Spellcasting   | |  2.3
Conjurations   | |  4.2

Action                   || total
-------------------------++-------
Melee: Dagger            ||    41
       Tailslap          ||     2
Throw: Dart              ||     3
 Cast: Magic Dart        ||    43
  Use: Scroll            ||     2
  Eat: Chunk             ||     2
Armor: Skin              ||    30
Dodge: Dodged            ||    48
